 Dungeon Crawl Stone Soup version 0.30-a0-347-gf58ed5266c (webtiles) character file.

Game seed: 6061610486891553330

22 HoaS the Shooter (level 2, 0/16 HPs)
             Began as a Deep Elf Hunter on Nov 6, 2022.
             Slain by a goblin
             ... wielding a +0 club
              (3 damage)
             ... on level 1 of the Dungeon.
             The game lasted 00:00:42 (171 turns).

HoaS the Shooter (Deep Elf Hunter)                   Turns: 171, Time: 00:00:43

Health: 0/16       AC:  3    Str:  8    XL:     2   Next: 68%
Magic:  4/4        EV: 12    Int: 13    God:
Gold:   83         SH:  0    Dex: 18    Spells: 1/1 levels left

rFire   . . .      SeeInvis .    a - +0 shortbow
rCold   . . .      Faith    .    (shield currently unavailable)
rNeg    . . .      Spirit   .    c - +0 leather armour
rPois   .          Reflect  .    (no helmet)
rElec   .          Harm     .    (no cloak)
rCorr   .          Rampage  .    (no gloves)
Will    .....                    (no boots)
Stlth   ++........               (no amulet)
HPRegen 0.22/turn                (no ring)
MPRegen 0.09/turn                (no ring)

@: no status effects
A: no striking features
a: no special abilities


You were on level 1 of the Dungeon.
You visited 1 branch of the dungeon, and saw 1 of its levels.

You collected 83 gold pieces.

Inventory:

Hand Weapons
 a - a +0 shortbow (weapon)
Armour
 c - a +0 leather armour (worn)
Scrolls
 b - 2 scrolls of immolation
 d - a scroll of enchant weapon {unknown}
 g - 3 scrolls of poison {unknown}
Potions
 e - a potion of mutation {unknown}
 f - a potion of degeneration {unknown}


   Skills:
 - Level 1.5 Fighting
 + Level 6.4 Ranged Weapons
 - Level 2.4 Dodging
 - Level 1.2 Stealth


You had one spell level left.
You didn't know any spells.
Your spell library was empty.

Dungeon Overview and Level Annotations

Branches:
Dungeon (1/15)

Altars:


Message History

The jackal barks!
A jackal comes into view. x2; A quokka comes into view.
You shoot an arrow. The arrow closely misses the jackal.
The arrow completely misses the jackal.
The jackal barks! x2
You shoot an arrow. The arrow hits the jackal!
You kill the jackal!
You hear a shout!
A goblin comes into view. It is wielding a +0 club.
You hear a shout!
You shoot an arrow. The arrow hits the jackal.
You kill the jackal!
You shoot an arrow. The arrow closely misses the jackal.
The jackal closely misses you.
You shoot an arrow. The arrow closely misses the quokka.
The jackal barely misses you. The quokka completely misses you.
The jackal closely misses you.
You shoot an arrow. The arrow hits the quokka!
You kill the quokka!
The jackal bites you. The jackal closely misses you.
A hobgoblin comes into view.
The goblin hits you but does no damage.
You shoot an arrow.
The arrow hits the goblin but does no damage.
The jackal bites you. The goblin hits you with a +0 club.
The jackal closely misses you.
You shoot an arrow.
The arrow hits the goblin but does no damage.
A ball python comes into view.
The jackal barely misses you. The goblin hits you with a +0 club.
You are too injured to fight recklessly!
You are too injured to fight recklessly!
The goblin attacks as you move away! The goblin barely misses you.
The jackal barely misses you. The goblin attacks as you move away!
The goblin closely misses you. The goblin attacks as you move away!
The goblin hits you with a +0 club. The jackal bites you.
* * * LOW HITPOINT WARNING * * *
The goblin attacks as you move away! The goblin hits you with a +0 club.
You die...

............### #.....###
..............###.......#
..................##....#
.......!.......### #....#
.............# #.....
#.........#....# ..#
#.........#....## ..##
##......h..##....####...#
#....g.g@..##........#..#
#.......)................
#.....†.....#........##..
#.#........##...#....##..
.................)....##..
.........#####...#....##.#
....##..# #...#....#...
####...## #####....)†#.
..## #.....##.


You could see a jackal, a hobgoblin and a goblin.

Vanquished Creatures
  A dart slug (D:1)
  A ball python (D:1)
  2 endoplasms (D:1)
  4 goblins (D:1)
  A hobgoblin (D:1)
  2 jackals (D:1)
  A quokka (D:1)
  A bat (D:1)
  A frilled lizard (D:1)
  2 kobolds (D:1)
  3 rats (D:1)
19 creatures vanquished.

Notes
Turn   | Place    | Note
-------+----------+-------------------------------------------
     0 | D:1      | HoaS the Deep Elf Hunter began the quest for the Orb.
     0 | D:1      | Reached XP level 1. HP: 12/12 MP: 3/3
   125 | D:1      | Reached XP level 2. HP: 16/16 MP: 4/4
   128 | D:1      | Reached skill level 6 in Ranged Weapons
   171 | D:1      | Slain by a goblin

Illustrated notes

Levels and vault maps discovered:
D:1:      lightli_arrival_statuegarden, layout_rooms, minmay_pentomino_w2

Skill      XL: |  1  2 |
---------------+-------+-----
Ranged Weapons | 6 |  6.4
Fighting       | |  1.5
Dodging        | |  2.4
Stealth        | |  1.2

Action                   || total
-------------------------++-------
 Fire: Shortbow          ||    38
Armor: Leather armour    ||     1
Dodge: Dodged            ||    14

Table legend: (Time is in decaauts)
 A = Elapsed time spent in this place.
 B = Non-inter-level travel time spent in this place.
 C = Inter-level travel time spent in this place.
 D = Time resting spent in this place.
 E = Time spent auto-exploring this place.
 F = Levels seen in this place.
 G = Mean time per level.
                   A        B        C        D        E       F      G
               +--------+--------+--------+--------+--------+-----+--------+
         Total |    180 |    180 |      0 |      0 |    112 |   1 |  180.0 |
       Dungeon |    180 |    180 |      0 |      0 |    112 |   1 |  180.0 |
               +--------+--------+--------+--------+--------+-----+--------+

Top non-repeatable levels by time:
     D:1: 180 daAuts
